[ AOE2 MATCH · #505285563 ]
UnrankedBengalis vs Khmer
[ REPLAY ANALYSIS · EXTRACTED FROM THE RECORDED GAME ]
Feudal
9:20
Castle
13:57
Imperial
—
| APM avg | 22.5 |
| APM peak | 77 |
| eAPM avg | 13.2 |
| Villagers / military | 44 / 18 |
Focus
⚔️ 28.0% · 🌾 72.0%
Monk ×9 · Spearman ×7 · Armored Elephant ×2
Feudal
10:29
Castle
13:50
Imperial
—
| APM avg | 44.9 |
| APM peak | 104 |
| eAPM avg | 20.2 |
| Villagers / military | 77 / 15 |
Focus
⚔️ 41.0% · 🌾 59.0%
Karambit Warrior ×14 · Mangonel ×1 · Unknown (1105) ×1
Feudal
9:40
Castle
21:41
Imperial
—
| APM avg | 60.7 |
| APM peak | 99 |
| eAPM avg | 22.5 |
| Villagers / military | 68 / 21 |
Focus
⚔️ 23.1% · 🌾 76.9%
Scout Cavalry ×12 · Knight ×9
Feudal
8:51
Castle
22:42
Imperial
—
| APM avg | 49.7 |
| APM peak | 84 |
| eAPM avg | 22.6 |
| Villagers / military | 75 / 11 |
Focus
⚔️ 17.8% · 🌾 82.2%
Skirmisher ×8 · Spearman ×3
Feudal
10:33
Castle
14:03
Imperial
—
| APM avg | 40.9 |
| APM peak | 76 |
| eAPM avg | 22.1 |
| Villagers / military | 29 / 23 |
Focus
⚔️ 40.3% · 🌾 59.7%
Conquistador ×18 · Petard ×3 · Battering Ram ×2
Feudal
8:34
Castle
12:25
Imperial
—
| APM avg | 22.6 |
| APM peak | 55 |
| eAPM avg | 11.0 |
| Villagers / military | 19 / 12 |
Focus
⚔️ 32.3% · 🌾 67.7%
Scorpion ×5 · Battering Ram ×5 · Mangonel ×2 · Unknown (1105) ×1
Match map
Initial resources + every placement click. Lines = walls · curves = elevation contours. ◆ gold · ⬟ stone · ● berries · ✦ relic · ◌ wall gap
Your base· ✓ Closed at 13:57 · 0t walls · 2 gate(s)
Ux'DonChauron's base· ✓ Closed at 13:50 · 0t walls · 3 gate(s)
Aleixofempires's base· ✓ Closed at 21:41 · 0t walls · 2 gate(s)
Ux'Tycho0201's base· ✓ Closed at 22:42 · 2t walls · 2 gate(s)
Markof's base· ✓ Closed at 14:03 · 14t walls · 3 gate(s)
Creisi48's base· ✓ Closed at 12:25 · 0t walls · 2 gate(s)
Smoothed initial terrain · ◌ = detected wall gap · hover for details
Inputs per minute
— CTM | Crawly94 - - Ux'DonChauron
Build order — CTM | Crawly94
114 actions detected in the replay
| 0:01 | Create | Villager (Male) |
| 0:01 | Create | Villager (Male) |
| 0:02 | Build | House |
| 0:03 | Build | House |
| 0:04 | Create | Villager (Male) |
| 0:04 | Create | Villager (Male) |
| 1:31 | Create | Villager (Male) |
| 1:45 | Create | Villager (Male) |
| 1:45 | Create | Villager (Male) |
| 1:48 | Build | Lumber Camp |
| 2:25 | Create | Villager (Male) |
| 2:48 | Create | Villager (Male) |
| 3:10 | Build | House |
| 3:12 | Build | House |
| 3:17 | Create | Villager (Male) |
| 3:17 | Create | Villager (Male) |
| 3:50 | Create | Villager (Male) |
| 4:15 | Build | Mill |
| 4:32 | Create | Villager (Male) |
| 4:33 | Create | Villager (Male) |
| 4:33 | Create | Villager (Male) |
| 5:24 | Create | Villager (Male) |
| 5:44 | Create | Villager (Male) |
| 7:10 | Research | Feudal Age |
| 7:10 | Research | Feudal Age |
| 8:06 | Build | Mill |
| 8:18 | Create | Villager (Male) |
| 8:19 | Research | Loom |
| 9:20 | Age | Feudal Age |
| 9:24 | Build | Market |
| 9:27 | Build | Blacksmith |
| 11:17 | Research | Castle Age |
| 11:35 | Build | Mining Camp |
| 12:13 | Research | Double-Bit Axe |
| 12:38 | Create | Villager (Male) |
| 12:59 | Build | House |
| 13:57 | Age | Castle Age |
| 13:59 | Build | Monastery |
| 14:04 | Build | Monastery |
| 14:20 | Build | Farm |
| 14:22 | Build | Farm |
| 14:30 | Create | Villager (Male) |
| 14:30 | Create | Villager (Male) |
| 14:45 | Create | Monk |
| 14:46 | Create | Monk |
| 14:50 | Build | Siege Workshop |
| 15:24 | Create | Villager (Male) |
| 15:31 | Build | House |
| 15:35 | Build | House |
| 15:36 | Build | House |
| 15:40 | Create | Armored Elephant |
| 15:53 | Create | Villager (Male) |
| 16:00 | Create | Monk |
| 16:14 | Research | Sanctity |
| 16:27 | Build | House |
| 16:29 | Build | House |
| 16:45 | Create | Armored Elephant |
| 16:57 | Create | Villager (Male) |
| 16:58 | Create | Villager (Male) |
| 17:04 | Create | Monk |
| 17:04 | Create | Monk |
| 17:22 | Build | Mining Camp |
| 17:29 | Create | Monk |
| 17:47 | Research | Town Watch |
| 17:52 | Build | Farm |
| 17:53 | Build | Farm |
| 17:53 | Build | Farm |
| 17:53 | Build | Farm |
| 17:53 | Build | Farm |
| 17:54 | Build | Farm |
| 17:57 | Create | Villager (Male) |
| 18:03 | Create | Monk |
| 19:26 | Research | Fervor |
| 19:27 | Create | Villager (Male) |
| 19:39 | Create | Monk |
| 19:39 | Create | Monk |
| 19:41 | Create | Villager (Male) |
| 19:45 | Build | Farm |
| 19:46 | Build | Farm |
| 19:46 | Build | Farm |
| 19:47 | Build | Farm |
| 19:47 | Build | Farm |
| 19:49 | Create | Villager (Male) |
| 20:35 | Research | Redemption |
| 20:54 | Create | Villager (Male) |
| 20:54 | Create | Villager (Male) |
| 20:59 | Create | Villager (Male) |
| 21:04 | Build | Barracks |
| 21:11 | Build | House |
| 21:26 | Create | Villager (Male) |
| 21:48 | Create | Villager (Male) |
| 21:49 | Create | Spearman |
| 21:58 | Build | House |
| 21:59 | Build | House |
| 22:01 | Build | House |
| 22:08 | Build | House |
| 22:10 | Build | House |
| 22:18 | Create | Villager (Male) |
| 22:37 | Create | Spearman |
| 23:12 | Create | Villager (Male) |
| 23:12 | Create | Villager (Male) |
| 23:18 | Create | Spearman |
| 23:40 | Create | Spearman |
| 24:04 | Create | Spearman |
| 24:41 | Build | Town Center |
| 25:00 | Create | Villager (Male) |
| 25:01 | Create | Villager (Male) |
| 25:30 | Create | Spearman |
| 25:30 | Create | Spearman |
| 25:32 | Create | Villager (Male) |
| 25:32 | Create | Villager (Male) |
| 25:53 | Create | Villager (Male) |
| 26:16 | Create | Villager (Male) |
| 26:21 | Create | Villager (Male) |
Build order — Ux'DonChauron
First 150 of 167 actions detected
| 0:00 | Create | Villager (Male) |
| 0:00 | Create | Villager (Male) |
| 0:01 | Create | Villager (Male) |
| 0:02 | Build | House |
| 0:03 | Build | House |
| 0:09 | Create | Villager (Male) |
| 0:10 | Create | Villager (Male) |
| 1:12 | Create | Villager (Male) |
| 1:47 | Create | Villager (Male) |
| 1:51 | Build | Lumber Camp |
| 2:10 | Create | Villager (Male) |
| 2:29 | Create | Villager (Male) |
| 3:01 | Create | Villager (Male) |
| 3:22 | Create | Villager (Male) |
| 3:25 | Build | House |
| 3:25 | Build | House |
| 3:26 | Build | House |
| 3:53 | Create | Villager (Male) |
| 4:17 | Create | Villager (Male) |
| 4:43 | Build | Mill |
| 4:44 | Create | Villager (Male) |
| 5:10 | Create | Villager (Male) |
| 5:29 | Create | Villager (Male) |
| 5:52 | Create | Villager (Male) |
| 5:53 | Create | Villager (Male) |
| 5:54 | Create | Villager (Male) |
| 6:23 | Build | Mining Camp |
| 6:24 | Create | Villager (Male) |
| 7:02 | Create | Villager (Male) |
| 7:02 | Create | Villager (Male) |
| 7:31 | Build | Farm |
| 7:33 | Build | Farm |
| 8:08 | Create | Villager (Male) |
| 8:29 | Build | Farm |
| 8:42 | Research | Feudal Age |
| 10:02 | Build | Farm |
| 10:06 | Create | Villager (Male) |
| 10:06 | Create | Villager (Male) |
| 10:08 | Research | Loom |
| 10:29 | Age | Feudal Age |
| 10:31 | Build | Market |
| 10:34 | Build | Blacksmith |
| 10:36 | Build | Mining Camp |
| 12:14 | Research | Castle Age |
| 12:15 | Research | Castle Age |
| 12:44 | Build | House |
| 12:56 | Create | Villager (Male) |
| 13:12 | Create | Villager (Male) |
| 13:21 | Build | House |
| 13:50 | Age | Castle Age |
| 13:53 | Build | Siege Workshop |
| 14:00 | Create | Villager (Male) |
| 14:13 | Build | Stone Wall |
| 14:38 | Create | Mangonel |
| 14:48 | Create | Villager (Male) |
| 15:08 | Create | Villager (Male) |
| 15:18 | Build | Stone Wall |
| 15:19 | Build | Stone Wall |
| 15:40 | Build | Gate |
| 15:45 | Build | Stone Wall |
| 15:51 | Build | Stone Wall |
| 16:05 | Create | Villager (Male) |
| 16:10 | Build | Stone Wall |
| 16:16 | Build | House |
| 16:22 | Build | Castle |
| 16:24 | Create | Villager (Male) |
| 16:52 | Research | Fletching |
| 16:55 | Build | Farm |
| 17:22 | Build | House |
| 17:25 | Build | Gate |
| 17:28 | Create | Villager (Male) |
| 17:48 | Build | Farm |
| 17:48 | Build | Farm |
| 17:49 | Research | Horse Collar |
| 18:18 | Create | Villager (Male) |
| 18:21 | Create | Unit 1105 |
| 18:35 | Create | Villager (Male) |
| 18:38 | Create | Villager (Male) |
| 18:51 | Create | Villager (Male) |
| 18:54 | Create | Karambit Warrior |
| 18:59 | Build | Farm |
| 19:00 | Create | Karambit Warrior |
| 19:10 | Create | Karambit Warrior |
| 19:19 | Create | Karambit Warrior |
| 19:25 | Build | Town Center |
| 19:27 | Create | Karambit Warrior |
| 19:53 | Create | Villager (Male) |
| 19:54 | Create | Karambit Warrior |
| 20:12 | Create | Karambit Warrior |
| 20:21 | Build | Farm |
| 20:21 | Build | Farm |
| 20:22 | Build | Farm |
| 20:22 | Build | Farm |
| 20:22 | Create | Villager (Male) |
| 20:35 | Build | Farm |
| 20:46 | Create | Villager (Male) |
| 20:48 | Create | Karambit Warrior |
| 20:49 | Create | Karambit Warrior |
| 20:49 | Create | Karambit Warrior |
| 21:04 | Create | Villager (Male) |
| 21:16 | Create | Karambit Warrior |
| 21:16 | Create | Karambit Warrior |
| 21:23 | Build | Barracks |
| 21:24 | Create | Villager (Male) |
| 21:40 | Create | Villager (Male) |
| 21:55 | Create | Villager (Male) |
| 21:55 | Create | Villager (Male) |
| 22:09 | Create | Villager (Male) |
| 22:18 | Build | Town Center |
| 22:20 | Create | Villager (Male) |
| 22:30 | Create | Villager (Male) |
| 22:31 | Create | Villager (Male) |
| 22:33 | Create | Villager (Male) |
| 22:52 | Create | Villager (Male) |
| 23:08 | Create | Villager (Male) |
| 23:08 | Create | Villager (Male) |
| 23:29 | Research | Double-Bit Axe |
| 23:38 | Create | Villager (Male) |
| 23:40 | Create | Villager (Male) |
| 23:47 | Create | Karambit Warrior |
| 23:47 | Create | Karambit Warrior |
| 23:52 | Create | Villager (Male) |
| 23:54 | Research | Squires |
| 23:57 | Build | Farm |
| 23:57 | Build | Farm |
| 23:57 | Build | Farm |
| 23:58 | Build | Farm |
| 24:13 | Create | Villager (Male) |
| 24:15 | Create | Villager (Male) |
| 24:15 | Create | Villager (Male) |
| 24:19 | Create | Villager (Male) |
| 24:22 | Build | Farm |
| 24:26 | Create | Villager (Male) |
| 24:29 | Build | Farm |
| 24:41 | Build | Farm |
| 24:43 | Build | Farm |
| 24:45 | Create | Villager (Male) |
| 24:45 | Create | Villager (Male) |
| 24:48 | Build | Farm |
| 24:50 | Create | Villager (Male) |
| 24:54 | Create | Villager (Male) |
| 24:54 | Create | Villager (Male) |
| 24:58 | Build | Farm |
| 25:04 | Research | Bow Saw |
| 25:04 | Research | Bow Saw |
| 25:12 | Create | Villager (Male) |
| 25:16 | Build | Farm |
| 25:16 | Create | Villager (Male) |
| 25:26 | Create | Villager (Male) |
| 25:33 | Build | Farm |
Build order — Aleixofempires
First 150 of 170 actions detected
| 0:00 | Create | Villager (Male) |
| 0:00 | Create | Villager (Male) |
| 0:01 | Create | Villager (Male) |
| 0:02 | Build | House |
| 0:03 | Build | House |
| 0:18 | Create | Villager (Male) |
| 0:18 | Create | Villager (Male) |
| 1:25 | Create | Villager (Male) |
| 1:49 | Create | Villager (Male) |
| 1:49 | Create | Villager (Male) |
| 1:56 | Build | Lumber Camp |
| 2:23 | Create | Villager (Male) |
| 2:47 | Create | Villager (Male) |
| 3:03 | Create | Villager (Male) |
| 3:27 | Build | House |
| 3:29 | Create | Villager (Male) |
| 3:50 | Create | Villager (Male) |
| 4:13 | Create | Villager (Male) |
| 4:20 | Build | Mill |
| 4:34 | Create | Villager (Male) |
| 5:04 | Build | House |
| 5:08 | Create | Villager (Male) |
| 5:10 | Create | Villager (Male) |
| 5:23 | Create | Villager (Male) |
| 5:53 | Create | Villager (Male) |
| 6:19 | Build | Mill |
| 6:47 | Create | Villager (Male) |
| 7:30 | Research | Feudal Age |
| 7:31 | Research | Feudal Age |
| 8:08 | Build | House |
| 8:17 | Create | Villager (Male) |
| 8:17 | Create | Villager (Male) |
| 9:27 | Create | Villager (Male) |
| 9:40 | Age | Feudal Age |
| 9:42 | Build | Stable |
| 10:05 | Research | Double-Bit Axe |
| 10:07 | Research | Horse Collar |
| 10:22 | Create | Scout Cavalry |
| 10:22 | Create | Scout Cavalry |
| 10:24 | Build | House |
| 10:36 | Create | Villager (Male) |
| 10:42 | Create | Scout Cavalry |
| 10:43 | Create | Villager (Male) |
| 10:46 | Build | Farm |
| 10:49 | Build | Farm |
| 10:50 | Build | Farm |
| 10:56 | Build | House |
| 11:09 | Build | Farm |
| 11:15 | Create | Villager (Male) |
| 11:17 | Create | Scout Cavalry |
| 11:21 | Build | Farm |
| 11:29 | Build | House |
| 11:36 | Create | Villager (Male) |
| 11:44 | Create | Villager (Male) |
| 11:54 | Create | Scout Cavalry |
| 11:58 | Build | Farm |
| 12:07 | Build | House |
| 12:17 | Create | Villager (Male) |
| 12:32 | Build | House |
| 12:32 | Create | Scout Cavalry |
| 12:42 | Build | Farm |
| 13:01 | Create | Scout Cavalry |
| 13:02 | Create | Villager (Male) |
| 13:27 | Build | Blacksmith |
| 13:31 | Create | Scout Cavalry |
| 13:33 | Create | Villager (Male) |
| 13:55 | Create | Villager (Male) |
| 14:02 | Build | Mining Camp |
| 14:03 | Create | Scout Cavalry |
| 14:36 | Create | Villager (Male) |
| 14:40 | Research | Bloodlines |
| 14:44 | Build | Farm |
| 14:46 | Build | Farm |
| 14:47 | Build | House |
| 14:51 | Build | Farm |
| 14:52 | Build | Farm |
| 14:53 | Create | Villager (Male) |
| 14:55 | Build | Farm |
| 14:57 | Create | Scout Cavalry |
| 15:02 | Build | Farm |
| 15:09 | Build | House |
| 15:12 | Create | Villager (Male) |
| 15:17 | Build | Farm |
| 15:30 | Research | Scale Barding Armor |
| 15:30 | Research | Scale Barding Armor |
| 15:35 | Build | Farm |
| 15:40 | Build | Farm |
| 16:10 | Create | Villager (Male) |
| 16:25 | Create | Villager (Male) |
| 16:27 | Build | House |
| 16:34 | Build | Farm |
| 16:35 | Build | Farm |
| 16:36 | Build | Farm |
| 16:41 | Create | Villager (Male) |
| 16:57 | Create | Villager (Male) |
| 17:09 | Build | Farm |
| 17:11 | Create | Villager (Male) |
| 17:15 | Build | Farm |
| 17:17 | Build | Farm |
| 17:34 | Build | Farm |
| 17:40 | Build | Farm |
| 18:36 | Create | Villager (Male) |
| 18:46 | Create | Villager (Male) |
| 18:55 | Research | Castle Age |
| 19:17 | Build | Stable |
| 19:19 | Build | Stable |
| 19:32 | Research | Gold Mining |
| 19:41 | Build | Mining Camp |
| 19:43 | Create | Villager (Male) |
| 19:49 | Research | Forging |
| 19:51 | Create | Villager (Male) |
| 19:57 | Build | House |
| 19:57 | Build | House |
| 19:57 | Build | House |
| 19:57 | Build | House |
| 19:58 | Build | House |
| 20:01 | Create | Villager (Male) |
| 20:15 | Create | Villager (Male) |
| 20:20 | Create | Villager (Male) |
| 20:27 | Create | Villager (Male) |
| 20:39 | Create | Villager (Male) |
| 20:48 | Create | Villager (Male) |
| 21:07 | Create | Villager (Male) |
| 21:11 | Create | Villager (Male) |
| 21:41 | Age | Castle Age |
| 21:42 | Create | Knight |
| 21:42 | Create | Knight |
| 21:43 | Create | Knight |
| 21:43 | Create | Knight |
| 21:47 | Research | Chain Barding Armor |
| 21:53 | Create | Knight |
| 21:54 | Create | Knight |
| 22:11 | Research | Light Cavalry (upgrade) |
| 22:18 | Build | Town Center |
| 22:21 | Create | Villager (Male) |
| 22:35 | Create | Scout Cavalry |
| 22:35 | Create | Scout Cavalry |
| 22:47 | Build | Farm |
| 22:50 | Create | Villager (Male) |
| 23:06 | Create | Knight |
| 23:06 | Create | Knight |
| 23:06 | Create | Knight |
| 23:51 | Create | Villager (Male) |
| 24:03 | Create | Villager (Male) |
| 24:22 | Create | Villager (Male) |
| 24:36 | Create | Villager (Male) |
| 24:59 | Create | Villager (Male) |
| 25:09 | Create | Villager (Male) |
| 25:09 | Create | Villager (Male) |
| 25:16 | Build | Farm |
Build order — Ux'Tycho0201
First 150 of 166 actions detected
| 0:01 | Create | Villager (Male) |
| 0:01 | Create | Villager (Male) |
| 0:01 | Create | Villager (Male) |
| 0:02 | Create | Villager (Male) |
| 0:04 | Build | House |
| 0:05 | Build | House |
| 1:23 | Create | Villager (Male) |
| 1:38 | Create | Villager (Male) |
| 1:38 | Create | Villager (Male) |
| 1:51 | Build | Lumber Camp |
| 2:08 | Create | Villager (Male) |
| 2:31 | Create | Villager (Male) |
| 3:03 | Create | Villager (Male) |
| 3:24 | Build | House |
| 3:32 | Create | Villager (Male) |
| 3:32 | Create | Villager (Male) |
| 3:49 | Create | Villager (Male) |
| 4:02 | Create | Villager (Male) |
| 4:31 | Create | Villager (Male) |
| 4:31 | Create | Villager (Male) |
| 4:40 | Build | Mill |
| 5:20 | Create | Villager (Male) |
| 5:59 | Research | Loom |
| 6:40 | Research | Feudal Age |
| 6:40 | Research | Feudal Age |
| 7:09 | Create | Villager (Male) |
| 7:16 | Build | House |
| 8:24 | Build | Farm |
| 8:29 | Build | Farm |
| 8:51 | Age | Feudal Age |
| 8:55 | Build | Town Center |
| 9:13 | Create | Villager (Male) |
| 9:16 | Create | Villager (Male) |
| 9:48 | Create | Villager (Male) |
| 9:53 | Build | House |
| 10:00 | Create | Villager (Male) |
| 10:22 | Create | Villager (Male) |
| 10:35 | Build | Farm |
| 10:37 | Create | Villager (Male) |
| 10:41 | Create | Villager (Male) |
| 10:43 | Research | Double-Bit Axe |
| 10:44 | Research | Double-Bit Axe |
| 10:49 | Create | Villager (Male) |
| 10:59 | Build | Farm |
| 11:06 | Create | Villager (Male) |
| 11:15 | Create | Villager (Male) |
| 11:17 | Build | Farm |
| 11:30 | Research | Horse Collar |
| 11:48 | Create | Villager (Male) |
| 11:51 | Build | Farm |
| 11:52 | Create | Villager (Male) |
| 11:53 | Create | Villager (Male) |
| 11:53 | Create | Villager (Male) |
| 12:03 | Build | House |
| 12:04 | Create | Villager (Male) |
| 12:16 | Build | Farm |
| 12:24 | Create | Villager (Male) |
| 12:27 | Build | House |
| 12:39 | Create | Villager (Male) |
| 12:43 | Build | Farm |
| 12:48 | Build | Farm |
| 12:50 | Create | Villager (Male) |
| 12:55 | Build | Farm |
| 13:21 | Create | Villager (Male) |
| 13:24 | Create | Villager (Male) |
| 13:24 | Create | Villager (Male) |
| 13:28 | Build | Farm |
| 13:30 | Build | Farm |
| 13:32 | Build | Farm |
| 13:33 | Create | Villager (Male) |
| 13:54 | Build | Market |
| 13:55 | Build | House |
| 14:08 | Build | Farm |
| 14:09 | Create | Villager (Male) |
| 14:17 | Create | Villager (Male) |
| 14:24 | Create | Villager (Male) |
| 14:25 | Create | Villager (Male) |
| 14:28 | Build | Farm |
| 14:39 | Build | Farm |
| 14:42 | Create | Villager (Male) |
| 14:49 | Build | Farm |
| 14:51 | Create | Villager (Male) |
| 15:06 | Build | Farm |
| 15:08 | Create | Villager (Male) |
| 15:11 | Build | House |
| 15:25 | Build | Farm |
| 15:38 | Research | Wheelbarrow |
| 16:00 | Build | Watch Tower |
| 16:03 | Create | Villager (Male) |
| 16:03 | Create | Villager (Male) |
| 16:22 | Build | Watch Tower |
| 16:44 | Build | Barracks |
| 16:45 | Create | Villager (Male) |
| 16:46 | Create | Villager (Male) |
| 17:03 | Create | Villager (Male) |
| 17:04 | Create | Villager (Male) |
| 17:11 | Build | House |
| 17:14 | Build | House |
| 17:15 | Create | Villager (Male) |
| 17:31 | Build | Archery Range |
| 17:39 | Create | Villager (Male) |
| 17:42 | Build | Farm |
| 17:44 | Build | Farm |
| 17:51 | Build | Farm |
| 18:01 | Build | Archery Range |
| 18:10 | Build | House |
| 18:19 | Create | Spearman |
| 18:19 | Create | Spearman |
| 18:20 | Create | Spearman |
| 18:30 | Build | House |
| 18:31 | Build | Palisade Wall |
| 18:34 | Create | Villager (Male) |
| 18:43 | Build | House |
| 18:45 | Build | House |
| 18:48 | Build | Palisade Wall |
| 18:54 | Build | House |
| 18:57 | Create | Villager (Male) |
| 19:16 | Build | Farm |
| 19:24 | Create | Villager (Male) |
| 19:36 | Build | Mining Camp |
| 20:02 | Research | Castle Age |
| 20:03 | Research | Castle Age |
| 20:03 | Research | Castle Age |
| 20:07 | Build | Farm |
| 20:18 | Create | Villager (Male) |
| 20:18 | Create | Villager (Male) |
| 20:29 | Create | Skirmisher |
| 20:30 | Create | Skirmisher |
| 20:34 | Build | Mill |
| 20:35 | Build | Farm |
| 20:35 | Build | Farm |
| 20:36 | Build | Farm |
| 20:36 | Build | Farm |
| 20:36 | Build | Farm |
| 20:36 | Build | Farm |
| 20:44 | Create | Villager (Male) |
| 20:44 | Create | Villager (Male) |
| 20:50 | Build | Farm |
| 21:22 | Create | Villager (Male) |
| 21:22 | Create | Villager (Male) |
| 21:59 | Create | Villager (Male) |
| 22:00 | Create | Villager (Male) |
| 22:09 | Create | Villager (Male) |
| 22:09 | Create | Villager (Male) |
| 22:33 | Create | Skirmisher |
| 22:33 | Create | Skirmisher |
| 22:33 | Create | Skirmisher |
| 22:33 | Create | Skirmisher |
| 22:42 | Age | Castle Age |
| 22:46 | Build | Archery Range |
Build order — Markof
109 actions detected in the replay
| 0:01 | Create | Villager (Male) ×4 |
| 0:03 | Build | House |
| 0:04 | Build | House |
| 1:26 | Create | Villager (Male) |
| 1:50 | Create | Villager (Male) |
| 2:09 | Build | Lumber Camp |
| 2:19 | Create | Villager (Male) |
| 2:21 | Create | Villager (Male) |
| 2:53 | Create | Villager (Male) |
| 3:23 | Create | Villager (Male) |
| 3:24 | Create | Villager (Male) |
| 3:24 | Create | Villager (Male) |
| 3:45 | Create | Villager (Male) |
| 3:57 | Build | House |
| 4:05 | Create | Villager (Male) |
| 4:07 | Create | Villager (Male) |
| 4:26 | Create | Villager (Male) |
| 5:02 | Create | Villager (Male) |
| 5:04 | Build | Mill |
| 5:06 | Create | Villager (Male) |
| 5:31 | Build | House |
| 6:04 | Create | Villager (Male) |
| 6:10 | Build | Palisade Wall |
| 6:11 | Build | Palisade Wall |
| 6:13 | Build | Palisade Wall |
| 6:15 | Build | Palisade Wall |
| 6:17 | Build | Palisade Wall |
| 6:21 | Build | Palisade Wall |
| 6:26 | Build | Palisade Wall |
| 6:30 | Build | Palisade Wall |
| 6:33 | Build | Palisade Wall |
| 6:37 | Build | Palisade Wall |
| 6:41 | Build | Palisade Wall |
| 6:43 | Build | Palisade Wall |
| 6:46 | Build | Palisade Wall |
| 6:49 | Build | Palisade Wall |
| 7:07 | Build | Mining Camp |
| 7:32 | Create | Villager (Male) |
| 7:53 | Build | Mining Camp |
| 7:58 | Create | Villager (Male) |
| 8:09 | Build | House |
| 8:20 | Research | Feudal Age |
| 10:25 | Create | Villager (Male) |
| 10:26 | Create | Villager (Male) |
| 10:33 | Age | Feudal Age |
| 10:35 | Build | Market |
| 10:37 | Build | Blacksmith |
| 10:39 | Research | Loom |
| 11:22 | Research | Castle Age |
| 11:40 | Build | House |
| 12:43 | Create | Villager (Male) |
| 14:03 | Age | Castle Age |
| 14:49 | Create | Villager (Male) |
| 14:52 | Build | Farm |
| 14:53 | Build | Farm |
| 14:56 | Build | Farm |
| 15:02 | Create | Villager (Male) |
| 15:46 | Build | Castle |
| 15:51 | Build | House |
| 15:53 | Build | Palisade Wall |
| 15:54 | Build | House |
| 15:56 | Build | House |
| 15:58 | Build | Palisade Wall |
| 16:16 | Create | Villager (Male) |
| 16:18 | Build | Farm |
| 16:19 | Build | Farm |
| 16:53 | Create | Conquistador |
| 16:56 | Build | Farm |
| 17:03 | Build | Mining Camp |
| 17:05 | Create | Conquistador |
| 17:27 | Build | Farm |
| 17:49 | Create | Petard |
| 17:49 | Create | Petard |
| 17:58 | Create | Petard |
| 18:27 | Create | Villager (Male) |
| 18:53 | Create | Villager (Male) |
| 19:10 | Build | Mining Camp |
| 19:22 | Create | Conquistador |
| 19:22 | Create | Conquistador |
| 19:22 | Create | Conquistador |
| 19:28 | Build | Siege Workshop |
| 19:59 | Build | Mill |
| 20:18 | Create | Battering Ram |
| 20:42 | Create | Conquistador |
| 20:42 | Create | Conquistador |
| 20:58 | Build | Outpost |
| 21:03 | Research | Padded Archer Armor |
| 21:09 | Create | Conquistador |
| 21:27 | Create | Conquistador |
| 22:41 | Build | Market |
| 22:44 | Build | Town Center |
| 22:51 | Create | Conquistador |
| 22:55 | Build | House |
| 22:56 | Build | House |
| 23:19 | Create | Battering Ram |
| 23:23 | Build | House |
| 23:24 | Build | House |
| 23:30 | Create | Conquistador |
| 23:33 | Build | House |
| 23:59 | Create | Conquistador |
| 23:59 | Create | Conquistador |
| 24:10 | Build | Mining Camp |
| 24:12 | Build | Lumber Camp |
| 24:32 | Create | Conquistador |
| 24:58 | Create | Conquistador |
| 25:24 | Create | Conquistador |
| 25:44 | Create | Conquistador |
| 25:51 | Build | Mining Camp |
| 26:01 | Create | Conquistador |
Build order — Creisi48
53 actions detected in the replay
| 0:00 | Create | Villager (Male) |
| 0:00 | Create | Villager (Male) |
| 0:02 | Build | House |
| 0:02 | Build | House |
| 0:05 | Create | Villager (Male) |
| 0:06 | Create | Villager (Male) |
| 0:06 | Create | Villager (Male) |
| 1:23 | Create | Villager (Male) |
| 1:23 | Create | Villager (Male) |
| 1:44 | Build | Lumber Camp |
| 1:49 | Create | Villager (Male) |
| 2:14 | Create | Villager (Male) |
| 2:46 | Create | Villager (Male) |
| 3:15 | Create | Villager (Male) |
| 3:31 | Create | Villager (Male) |
| 3:33 | Create | Villager (Male) |
| 3:34 | Create | Villager (Male) |
| 3:49 | Build | House |
| 3:51 | Create | Villager (Male) |
| 3:51 | Create | Villager (Male) |
| 4:38 | Build | Mill |
| 4:40 | Create | Villager (Male) |
| 5:12 | Create | Villager (Male) |
| 5:14 | Create | Villager (Male) |
| 6:25 | Research | Feudal Age |
| 6:39 | Research | Loom |
| 8:34 | Age | Feudal Age |
| 8:38 | Build | Market |
| 8:41 | Build | Blacksmith |
| 9:45 | Research | Castle Age |
| 10:29 | Build | Mining Camp |
| 11:11 | Research | Double-Bit Axe |
| 11:13 | Build | House |
| 12:25 | Age | Castle Age |
| 12:29 | Build | Siege Workshop |
| 12:33 | Build | Siege Workshop |
| 12:40 | Build | Palisade Wall |
| 12:42 | Build | Palisade Wall |
| 13:19 | Create | Unit 1105 |
| 13:21 | Create | Battering Ram |
| 13:50 | Create | Scorpion |
| 14:03 | Build | House |
| 14:19 | Create | Battering Ram |
| 14:35 | Create | Scorpion |
| 14:52 | Create | Scorpion |
| 15:42 | Create | Scorpion |
| 16:06 | Create | Scorpion |
| 16:45 | Create | Battering Ram |
| 16:54 | Build | Lumber Camp |
| 18:28 | Create | Battering Ram |
| 18:30 | Create | Mangonel |
| 18:36 | Create | Mangonel |
| 18:38 | Create | Battering Ram |
Match timeline
| 6:10 | Markof · wall_segment Palisade Wall x1 |
| 6:11 | Markof · wall_segment Palisade Wall x1 |
| 6:13 | Markof · wall_segment Palisade Wall x1 |
| 6:15 | Markof · wall_segment Palisade Wall x1 |
| 6:17 | Markof · wall_segment Palisade Wall x1 |
| 6:21 | Markof · wall_segment Palisade Wall x1 |
| 6:26 | Markof · wall_segment Palisade Wall x1 |
| 6:30 | Markof · wall_segment Palisade Wall x1 |
| 6:33 | Markof · wall_segment Palisade Wall x1 |
| 6:37 | Markof · wall_segment Palisade Wall x1 |
| 6:41 | Markof · wall_segment Palisade Wall x1 |
| 6:43 | Markof · wall_segment Palisade Wall x1 |
| 6:46 | Markof · wall_segment Palisade Wall x1 |
| 6:49 | Markof · wall_segment Palisade Wall x1 |
| 8:34 | Creisi48 · age_up feudal |
| 8:51 | Ux'Tycho0201 · age_up feudal |
| 9:20 | CTM | Crawly94 · age_up feudal |
| 9:26 | Creisi48 · first_market_sell 100 stone |
| 9:40 | Aleixofempires · age_up feudal |
| 9:42 | Aleixofempires · first_building Stable |
| 10:13 | CTM | Crawly94 · first_market_sell 100 stone |
| 10:29 | Ux'DonChauron · age_up feudal |
| 10:33 | Markof · age_up feudal |
| 11:18 | Markof · first_market_buy 100 food |
| 11:18 | Markof · first_market_sell 100 wood |
| 11:49 | Ux'DonChauron · first_market_sell 100 wood |
| 11:51 | Ux'DonChauron · first_market_buy 100 food |
| 12:25 | Creisi48 · age_up castle |
| 12:29 | Creisi48 · first_building Siege Workshop |
| 12:40 | Creisi48 · wall_segment Palisade Wall x1 |
| 12:42 | Creisi48 · wall_segment Palisade Wall x1 |
| 13:50 | Ux'DonChauron · age_up castle |
| 13:53 | Ux'DonChauron · first_building Siege Workshop |
| 13:57 | CTM | Crawly94 · age_up castle |
| 13:59 | CTM | Crawly94 · first_building Monastery |
| 14:03 | Markof · age_up castle |
| 14:13 | Ux'DonChauron · wall_segment Stone Wall x1 |
| 14:50 | CTM | Crawly94 · first_building Siege Workshop |
| 15:18 | Ux'DonChauron · wall_segment Stone Wall x4 |
| 15:19 | Ux'DonChauron · wall_segment Stone Wall x1 |
| 15:45 | Ux'DonChauron · wall_segment Stone Wall x1 |
| 15:46 | Markof · first_building Castle |
| 15:51 | Ux'DonChauron · wall_segment Stone Wall x1 |
| 15:53 | Markof · wall_segment Palisade Wall x1 |
| 15:57 | Ux'Tycho0201 · first_market_buy 100 stone |
| 15:58 | Markof · wall_segment Palisade Wall x1 |
| 16:10 | Ux'DonChauron · wall_segment Stone Wall x1 |
| 16:16 | Ux'Tycho0201 · first_market_sell 100 food |
| 16:22 | Ux'DonChauron · first_building Castle |
| 16:44 | Ux'Tycho0201 · first_building Barracks |
| 17:31 | Ux'Tycho0201 · first_building Archery Range |
| 18:31 | Ux'Tycho0201 · wall_segment Palisade Wall x1 |
| 18:48 | Ux'Tycho0201 · wall_segment Palisade Wall x1 |
| 19:16 | Creisi48 · tribute_sent a jugador 1 |
| 19:16 | Creisi48 · tribute_sent a jugador 2 |
| 19:16 | Creisi48 · tribute_sent a jugador 3 |
| 19:16 | Creisi48 · tribute_sent a jugador 4 |
| 19:16 | Creisi48 · tribute_sent a jugador 5 |
| 19:28 | Markof · first_building Siege Workshop |
| 21:04 | CTM | Crawly94 · first_building Barracks |
| 21:23 | Ux'DonChauron · first_building Barracks |
| 21:41 | Aleixofempires · age_up castle |
| 22:30 | CTM | Crawly94 · first_market_buy 100 stone |
| 22:36 | Creisi48 · tribute_sent a jugador 1 |
| 22:36 | Creisi48 · tribute_sent a jugador 2 |
| 22:36 | Creisi48 · tribute_sent a jugador 3 |
| 22:36 | Creisi48 · tribute_sent a jugador 4 |
| 22:36 | Creisi48 · tribute_sent a jugador 5 |
| 22:42 | Ux'Tycho0201 · age_up castle |
| 23:57 | Creisi48 · tribute_sent a jugador 1 |
| 23:57 | Creisi48 · tribute_sent a jugador 2 |
| 23:57 | Creisi48 · tribute_sent a jugador 3 |
| 23:57 | Creisi48 · tribute_sent a jugador 4 |
| 23:57 | Creisi48 · tribute_sent a jugador 5 |
| 25:03 | Creisi48 · tribute_sent a jugador 1 |
| 25:03 | Creisi48 · tribute_sent a jugador 2 |
| 25:03 | Creisi48 · tribute_sent a jugador 3 |
| 25:03 | Creisi48 · tribute_sent a jugador 4 |
| 25:03 | Creisi48 · tribute_sent a jugador 5 |
| 26:14 | Creisi48 · resign |
[ AI ANALYSIS · 1 CREDIT ]
What really happened in this match?
Wolo.gg analyzes every decision: build order, eco, micro, common mistakes by bracket. Personalized analysis on WhatsApp or Discord in 30 seconds.
Civ guide
Bengalis
Perfil
Jugador #20107364